 Dungeon Crawl Stone Soup version 0.31-a0-844-gdc52ec4e09 (webtiles) character file.

Game seed: 3624513139547420769

9 Bravepunisher the Ducker (level 2, -1/16 HPs)
             Began as a Spriggan Monk on Sept 29, 2023.
             Slain by an ogre
             ... wielding a +0 giant spiked club
              (11 damage)
             ... on level 5 of the Dungeon.
             The game lasted 00:02:20 (399 turns).

Bravepunisher the Ducker (Spriggan Monk)             Turns: 399, Time: 00:02:21

Health: -1/16      AC:  2    Str:  7    XL:     2   Next: 3%
Magic:  3/3        EV: 19    Int: 11    God:
Gold:   22         SH:  0    Dex: 17    Spells: 1/1 levels left

rFire   . . .        a - +0 short sword
rCold   . . .        (no shield)
rNeg    . . .        b - +0 robe
rPois   .            (helmet restricted)
rElec   .            (no cloak)
rCorr   .            (gloves unavailable)
SInv    +            (boots unavailable)
Will    .....        (no amulet)
Stlth   ++           (no ring)
HPRegen 0.22/turn    (no ring)
MPRegen 0.08/turn

%: no passive effects
@: very quick
A: very small, no large weapons, unfitting armour, see invisible, speed 3
a: no special abilities


You were on level 5 of the Dungeon.
You visited 1 branch of the dungeon, and saw 5 of its levels.

You collected 22 gold pieces.

Inventory:

Hand Weapons
 a - a +0 short sword (weapon)
Armour
 b - a +0 robe (worn)
Potions
 c - a potion of ambrosia
 d - a potion of might {unknown}


   Skills:
 * Level 2.8 Fighting
 - Level 3.2 Short Blades
 + Level 4.2 Dodging


You had one spell level left.
You didn't know any spells.
Your spell library was empty.

Dungeon Overview and Level Annotations

Branches:
Dungeon (5/15)
 Temple: D:4-7

Altars:
Cheibriados
Trog

Annotations:
D:4 Dowan, Duvessa


Innate Abilities, Weirdness & Mutations

You are very small and have problems with some larger weapons.
You are too small for most types of armour.
You have supernaturally acute eyesight. (SInv)
You cover ground extremely quickly. (Speed+++)


Message History

The ogre shouts!
The ufetubus barely misses you.
The ufetubus hits you but does no damage.
You closely miss the ufetubus.
The ufetubus hits you but does no damage.
The ufetubus completely misses you.
You hit the ufetubus.
The ufetubus is severely wounded.
The ufetubus misses you.
The ufetubus hits you but does no damage.
You barely miss the ufetubus.
The ufetubus is severely wounded.
The ufetubus barely misses you. The ufetubus hits you. The ufetubus misses you.
The ufetubus completely misses you.
You hit the ufetubus.
The ufetubus is almost dead.
The ufetubus closely misses you. The ufetubus hits you.
You barely miss the ufetubus.
The ufetubus is almost dead.
The ufetubus completely misses you. The ufetubus barely misses you.
You hit the ufetubus.
You kill the ufetubus!
You have reached level 2!
Unknown command.
You hit the orc but do no damage. You closely miss the orc. The orc misses you.
You hit the orc but do no damage. The orc closely misses you.
You closely miss the orc. The orc barely misses you.
You closely miss the orc. The ogre misses you. The orc misses you.
You hit the orc.
The orc is moderately wounded.
The ogre misses you. The orc closely misses you.
You closely miss the orc.
The orc is moderately wounded.
You hit the orc.
The orc is heavily wounded.
The orc completely misses you.
The ogre hits you with a +0 giant spiked club!
Ouch! That really hurt!
You die...

#....###....#
#...........#
#.#######.#.#
#......##.#.#
######....#.#
###.##.# #.#
#o# #@# #O#
#.# #.# #.#
#.# #.#
#........
#########


You could see an ogre and an orc.

Vanquished Creatures
  An ufetubus (D:5)
  An endoplasm (D:2)
  A quokka (D:4)
  A rat (D:2)
4 creatures vanquished.

Notes
Turn   | Place    | Note
-------+----------+-------------------------------------------
     0 | D:1      | Bravepunisher the Spriggan Monk began the quest for the
                  | Orb.
     0 | D:1      | Reached XP level 1. HP: 11/11 MP: 2/2
   151 | D:3      | Noticed an orc priest
   166 | D:4      | Noticed a black bear
   184 | D:4      | Noticed a hound
   188 | D:4      | Noticed a water moccasin
   204 | D:4      | Noticed Duvessa
   204 | D:4      | Noticed Dowan
   212 | D:4      | Found a bloodstained altar of Trog.
   229 | D:4      | Found a snail-covered altar of Cheibriados.
   298 | D:5      | Entered Level 5 of the Dungeon
   378 | D:5      | Noticed an ogre
   386 | D:5      | Reached XP level 2. HP: 7/16 MP: 3/3
   399 | D:5      | Slain by an ogre

Illustrated notes

Levels and vault maps discovered:
D:1:      dpeg_arrival_water_fire, layout_basic, st_stairs_5
D:2:      layout_basic
D:3:      layout_basic, amcnicky_altar_gilded, lemuel_tele_altar,
          feat_on_display
D:4:      layout_cave_pools, mainiacjoe_overflow_surrounded_room,
          nicolae_wu_jian_immortal_techniques, cheibriados_altar_1,
          serial_column_ruins, column_ruins_square_medium,
          column_ruins_columns_straight, column_ruins_open_small_water,
          column_ruins_open_tiny, column_ruins_open_medium, column_ruins_grid_3,
          column_ruins_corridor_corner, minmay_bisected, uniq_duvessa,
          uniq_crazy_yiuf_cottage, uniq_grinder
D:5:      layout_loops_ring, minmay_temple_entry_from_below_a,
          nicolae_ossuary_entry_plus, uniq_sigmund

Action                     || total
---------------------------++-------
  Melee: Short sword       ||    31
         Punch             ||     1
 Armour: Robe              ||    19
  Dodge: Dodged            ||    78

Table legend: (Time is in decaauts)
 A = Elapsed time spent in this place.
 B = Non-inter-level travel time spent in this place.
 C = Inter-level travel time spent in this place.
 D = Time resting spent in this place.
 E = Time spent auto-exploring this place.
 F = Levels seen in this place.
 G = Mean time per level.
                   A        B        C        D        E       F      G
               +--------+--------+--------+--------+--------+-----+--------+
         Total |    259 |    259 |      0 |      0 |     62 |   5 |   51.8 |
       Dungeon |    259 |    259 |      0 |      0 |     62 |   5 |   51.8 |
               +--------+--------+--------+--------+--------+-----+--------+

Top non-repeatable levels by time:
     D:2: 82 daAuts
     D:4: 81 daAuts
     D:5: 65 daAuts
     D:3: 19 daAuts
     D:1: 10 daAuts
